 Dungeon Crawl Stone Soup version 0.28.0-49-g6dfe1f597d (webtiles) character file.

Game seed: 96335112779589311

69 Atelerd the Digger (level 4, -3/27 HPs)
             Began as an Octopode Earth Elementalist on May 16, 2022.
             Slain by a gnoll
             ... wielding a +3 spear
              (8 damage)
             ... on level 2 of the Dungeon.
             The game lasted 00:01:14 (1798 turns).

Atelerd the Digger (Octopode Earth Elementalist)    Turns: 1798, Time: 00:01:15

Health: -3/27      AC:  1    Str:  7    XL:     4   Next: 20%
Magic:  7/7        EV:  7    Int: 19    God:
Gold:   51         SH:  0    Dex: 12    Spells: 7/8 levels left

rFire   . . .      SeeInvis +   e - +0 dagger
rCold   . . .      Faith    .   (no shield)
rNeg    . . .      Spirit   .   (helmet restricted)
rPois   .          Reflect  .   (no amulet)
rElec   .          Harm     .   f - ring of see invisible
rCorr   .          Rampage  .   (no ring)
Will    .....                   (no ring)
Stlth   +++.......              (no ring)
HPRegen 0.09/turn               (no ring)
MPRegen 0.10/turn               (no ring)
                                (no ring)
                                (no ring)

@: held
A: almost no armour, amphibious, 8 rings, camouflage 1, gelatinous body 1,
(nimble swimmer 1), tentacles
a: no special abilities


You were on level 2 of the Dungeon.
You visited 1 branch of the dungeon, and saw 2 of its levels.

You collected 51 gold pieces.

Inventory:

Hand Weapons
 e - a +0 dagger (weapon)
Missiles
 b - 68 stones
Jewellery
 f - a ring of see invisible (left tentacle)
Scrolls
 a - a scroll of torment {unknown}
 c - a scroll of enchant weapon {unknown}
 d - a scroll of fog {unknown}
 h - a scroll of fear {unknown}
 i - a scroll of identify {unknown}
Potions
 g - a potion of attraction {unknown}
 j - a potion of berserk rage {unknown}
 k - a potion of lignification {unknown}


   Skills:
 - Level 2.0 Dodging
 + Level 3.7 Stealth
 + Level 2.5 Spellcasting
 + Level 2.0 Transmutations
 + Level 3.7 Earth Magic


You had 7 spell levels left.
You knew the following spells:

 Your Spells              Type           Power      Damage    Failure   Level
a - Sandblast             Erth           32%        2d9       3%          1

Your spell library contained the following spells:

 Spells                   Type           Power      Damage    Failure   Level
 Passwall                 Tmut/Erth      10%        N/A       8%          2
 Stone Arrow              Conj/Erth      18%        3d8       22%         3
 Ozocubu's Armour         Ice            2%         N/A       43%         3
 Petrify                  Tmut/Erth      13%        N/A       43%         4
 Ozocubu's Refrigeration  Ice            1%         4d5       100%        7


Dungeon Overview and Level Annotations

Branches:
Dungeon (2/15)

Altars:

Annotations:
D:1 exclusion: downstairs


Innate Abilities, Weirdness & Mutations

You cannot wear most types of armour.
You are amphibious.
You can wear up to eight rings at the same time.
Your skin changes colour to match your surroundings (Stealth+).
Your rubbery body absorbs attacks. (AC +1, EV +1)
((You are camouflaged when in or above water. (Stealth+)))
You have tentacles for arms and can constrict up to eight enemies at once.


Message History

You kill the ball python!
Your Transmutations skill increases to level 2!
A rat is nearby!
A rat is nearby!
The helpless rat fails to defend itself.
You puncture the rat!
You kill the rat!
You see here a rat corpse.
Found an escape hatch in the ceiling.
No target in view!
Found a stone staircase leading down.
There is an escape hatch in the ceiling here.
No target in view!
You pick up Ozocubu's Autobiography and begin reading...
You add the spells Ozocubu's Armour and Ozocubu's Refrigeration to your library.
No target in view!
No target in view! 2 gnolls come into view.
The gnoll shouts!
The gnoll moves out of view.
You see here a +0 robe.
There are monsters nearby!
The gnoll shouts!
The gnoll hits you from afar with a +3 spear.
There are monsters nearby!
You hit the gnoll but do no damage. Your grab misses the gnoll.
The gnoll hits you with a +0 flail! The gnoll completely misses you.
The gnoll throws a throwing net.
The throwing net hits you.
You become entangled in the net!
You are held in a net!
There are monsters nearby!
You are held in a net!
There are monsters nearby!
You are held in a net!
There are monsters nearby!
Unknown command.
You struggle against the net.
The gnoll hits you with a +0 flail!
* * * LOW HITPOINT WARNING * * *
The gnoll hits you from afar with a +3 spear!
You die...

#.# #.# #.# #.#
#######.###.##
#######.###.#
#............#
#..........#
#.#####.##...###
####.#####.###(# #.#
#.##...... .<†g.#
#.###.###.# #.##...###
###### #..g.......#
#.###..#
#..###.....#####.###<.#
#......g@[...>........#
#.#.#.g.##.#########.##
#. ###.. #.# #.# #.
#... #.# #.# #. .....
#.#########.#
......##...........#
...............####.#
.......#######.# #.#
.... #.# #.#


You could see 3 gnolls.

Vanquished Creatures
  A gnoll (D:1)
  3 adders (D:2)
  A dart slug (D:1)
  6 bats
  3 goblins (D:1)
  2 hobgoblins
  7 jackals (D:1)
  A kobold (D:1)
  A quokka (D:1)
  A ball python (D:2)
  A frilled lizard (D:1)
  4 rats
31 creatures vanquished.

Notes
Turn   | Place    | Note
-------+----------+-------------------------------------------
     0 | D:1      | Atelerd the Octopode Earth Elementalist began the quest for
                  | the Orb.
     0 | D:1      | Reached XP level 1. HP: 11/11 MP: 3/3
   192 | D:1      | Reached XP level 2. HP: 17/17 MP: 1/5
   519 | D:1      | Found a faded altar of an unknown god.
   979 | D:1      | Reached XP level 3. HP: 19/21 MP: 4/6
  1328 | D:2      | HP: 1/21 [gnoll/+0 flail (5)]
  1628 | D:2      | Reached XP level 4. HP: 27/27 MP: 7/7
  1798 | D:2      | Slain by a gnoll

Illustrated notes

Levels and vault maps discovered:
D:1:      noname_arrival_rooms_in_the_neighbourhood, layout_loops_ring,
          serial_rivers, chequers_serial_rivers_room_a,
          chequers_serial_rivers_micro_d, chequers_serial_rivers_marsh,
          chequers_serial_rivers_micro_c, chequers_serial_rivers_small_3,
          chequers_ecumenical_altar_simple
D:2:      layout_loops_ring, minmay_misc_feat_four_crosses, minmay_liquid_box

Skill      XL: |  1  2  3  4 |
---------------+-------------+-----
Stealth        | 3 |  3.7
Transmutations | 2 |  2.0
Dodging        | |  2.0
Spellcasting   | |  2.5
Earth Magic    | |  3.7

Action                   |  1- 3 |  4- 6 || total
-------------------------+-------+-------++-------
Melee: Unarmed           |    11 |       ||    11
       Constrict         |    10 |       ||    10
       Dagger            |    27 |     5 ||    32
       Tentacles         |     6 |       ||     6
 Cast: Sandblast         |    21 |     1 ||    22
 Stab: Sleeping          |     4 |     3 ||     7
Armor: Skin              |     5 |       ||     5
Dodge: Dodged            |    35 |     3 ||    38
